 Dungeon Crawl Stone Soup version 0.26-a0-1053-gaff5f71418 (webtiles) character file.

Game seed: 17871621163483465158

190 stormannn the Chiller (level 5, -5/28 HPs)
             Began as a Deep Elf Ice Elementalist on Dec 12, 2020.
             Shot themself with a fireball (6 damage)
             ... on level 2 of the Dungeon.
             The game lasted 00:08:03 (3032 turns).

stormannn the Chiller (Deep Elf Ice Elementalist)   Turns: 3032, Time: 00:08:04

Health: -5/28      AC:  7    Str:  5    XL:     5   Next: 41%
Magic:  10/14      EV: 14    Int: 21    God:
Gold:   77         SH:  0    Dex: 15    Spells: 10/14 levels left

rFire    . . .     SeeInvis .   e - +1 dagger (venom)
rCold    + . .     Faith    .   (no shield)
rNeg     . . .     Spirit   .   a - +0 robe
rPois    .         Reflect  .   l - +0 helmet
rElec    .         Harm     .   (no cloak)
rCorr    .         Rampage  .   (no gloves)
Will     .....                  (no boots)
Stlth    ++........             (no amulet)
HPRegen  0.09/turn              d - ring of protection from cold
MPRegen  0.14/turn              k - +4 ring of protection

@: lethally poisoned (-5 -> -13), frozen ramparts, attractive, flying, hasted,
very quick
A: no striking features
a: no special abilities


You were on level 2 of the Dungeon.
You visited 1 branch of the dungeon, and saw 2 of its levels.

You collected 77 gold pieces.

Inventory:

Hand Weapons
 e - a +1 dagger of venom (weapon)
Armour
 a - a +0 robe (worn)
 l - a +0 helmet (worn)
Jewellery
 d - a ring of protection from cold (left hand)
 k - a +4 ring of protection (right hand)
Wands
 m - a wand of random effects (20)
Scrolls
 b - a scroll of magic mapping {unknown}
 f - 2 scrolls of identify
 h - a scroll of fear {unknown}
 i - a scroll of remove curse {unknown}
 n - 3 scrolls of random uselessness
 o - a scroll of teleportation {unknown}


   Skills:
 + Level 4.4 Dodging
 - Level 2.4 Stealth
 + Level 5.0 Spellcasting
 + Level 5.5 Ice Magic


You had 10 spell levels left.
You knew the following spells:

 Your Spells              Type           Power        Failure   Level
a - Freeze                Ice            ####         1%          1
b - Frozen Ramparts       Ice            ####..       3%          3

Your spell library contained the following spells:

 Spells                   Type           Power        Failure   Level
 Ozocubu's Armour         Ice            ####....     3%          3
 Hailstorm                Conj/Ice       ###.....     34%         4
 Summon Ice Beast         Ice/Summ       ###.....     34%         4


Dungeon Overview and Level Annotations

Branches:
Dungeon (2/15)

Altars:


Message History

* * * LOW HITPOINT WARNING * * *
You feel sick.
Evoke which item? (* to show all) (? for menu, Esc to quit)
Aiming: Random Effects
Press: ? - help, Shift-Dir - straight line, f - you You can't see any targets that would be affected.
That beam is likely to hit you.
Continue anyway?
You suddenly lose the ability to move!
* * * LOW HITPOINT WARNING * * *
You feel sick.
* * * LOW HITPOINT WARNING * * *
You feel sick.
You can move again.
Evoke which item? (* to show all) (? for menu, Esc to quit)
Aiming: Random Effects
Press: ? - help, Shift-Dir - straight line, f - you You can't see any targets that would be affected.
That beam is likely to hit you.
Continue anyway?
The fireball explodes!
The fireball engulfs you.
You die...

#.#
#......)..
#.#
###.........
###
#...........
#...#.#.#.#.
#####
#...#.#...#.
#)..#
#...#.#####.
#...#
#...#.......
#...#
#...#..#####
#@#
#...#.......
♣.♣♣
#...#...####
♣♣.♣
#...#.......
♣.♣♣
#####....###
♣♣.♣ #....#
♣♣.♣♣ #....#
♣♣...♣
#####....#
♣.P..♣
#...#....#
#....#
###.#....#


There were no monsters in sight!

Vanquished Creatures
  Crazy Yiuf (D:2)
  Natasha (twice) (D:2)
  An adder (D:2)
  3 gnolls
  3 oozes
  2 worms (D:2)
  2 dart slugs (D:1)
  A leopard gecko (D:2)
  A ball python (D:2)
  3 bats
  A giant cockroach (D:1)
  5 goblins
  6 hobgoblins
  8 jackals (D:2)
  2 kobolds (D:2)
  3 frilled lizards
  A jackal skeleton (D:2)
  5 rats
50 creatures vanquished.

Vanquished Creatures (others)
  A fungus (D:2)
1 creature vanquished.

Grand Total: 51 creatures vanquished

Notes
Turn   | Place    | Note
-------+----------+-------------------------------------------
     0 | D:1      | stormannn the Deep Elf Ice Elementalist began the quest for
                  | the Orb.
     0 | D:1      | Reached XP level 1. HP: 10/10 MP: 6/6
   139 | D:1      | Reached XP level 2. HP: 7/15 MP: 1/8
   815 | D:1      | You fall into a shaft and drop 1 floor!
   877 | D:2      | Reached XP level 3. HP: 15/19 MP: 5/10
  1564 | D:2      | Reached skill level 5 in Ice Magic
  1738 | D:2      | Reached XP level 4. HP: 24/24 MP: 12/12
  2170 | D:2      | Found a runed translucent door.
  2171 | D:2      | Noticed Crazy Yiuf
  2350 | D:2      | Noticed Natasha
  2364 | D:2      | Killed Natasha
  2657 | D:1      | Learned a level 3 spell: Frozen Ramparts
  2913 | D:2      | Noticed Natasha
  2944 | D:2      | Killed Natasha
  2945 | D:2      | Reached XP level 5. HP: 28/28 MP: 10/14
  3024 | D:2      | Killed Crazy Yiuf
  3025 | D:2      | Reached skill level 5 in Spellcasting
  3028 | D:2      | Paralysed by you for 3 turns
  3029 | D:2      | HP: 1/28 [poisoned by Crazy Yiuf]
  3032 | D:2      | Shot themself with a fireball

Illustrated notes

Levels and vault maps discovered:
D:1:      dpeg_arrival_tiny_a, layout_basic
D:2:      layout_basic, minmay_stone_trees_small, uniq_crazy_yiuf_cottage,
          uniq_natasha

Skill      XL: |  1  2  3  4  5 |
---------------+----------------+-----
Dodging        | 3 4 |  4.4
Spellcasting   | 4 5 |  5.0
Ice Magic      | 5 |  5.5
Stealth        | |  2.4

Action                   |  1- 3 |  4- 6 || total
-------------------------+-------+-------++-------
Melee: Unarmed           |     4 |       ||     4
       Dagger            |    23 |    33 ||    56
 Cast: Freeze            |    46 |    10 ||    56
       Frozen Ramparts   |       |     3 ||     3
Evoke: Wand              |       |     2 ||     2
  Use: Potion            |       |     3 ||     3
       Scroll            |       |     1 ||     1
 Stab: Sleeping          |     4 |       ||     4
Armor: Robe              |     9 |    17 ||    26
Dodge: Dodged            |    22 |    25 ||    47

Table legend: (Time is in decaauts)
 A = Elapsed time spent in this place.
 B = Non-inter-level travel time spent in this place.
 C = Inter-level travel time spent in this place.
 D = Time resting spent in this place.
 E = Time spent auto-exploring this place.
 F = Levels seen in this place.
 G = Mean time per level.
                   A        B        C        D        E       F      G
               +--------+--------+--------+--------+--------+-----+--------+
         Total |   3029 |   3017 |     12 |   1209 |   1350 |   2 | 1514.5 |
       Dungeon |   3029 |   3017 |     12 |   1209 |   1350 |   2 | 1514.5 |
               +--------+--------+--------+--------+--------+-----+--------+

Top non-repeatable levels by time:
     D:2: 1848 daAuts
     D:1: 1181 daAuts
